 Dungeon Crawl Stone Soup version 0.29-a0-581-ge9a90b782e (webtiles) character file.

Game seed: 9973336541341422403

270 Nedwor the Chopper (level 6, 0/55 HPs)
             Began as a Minotaur Berserker on June 14, 2022.
             Was a Believer of Trog.
             Succumbed to a water moccasin's poison
             ... on level 4 of the Dungeon.
             The game lasted 00:02:24 (2476 turns).

Nedwor the Chopper (Minotaur Berserker)             Turns: 2476, Time: 00:02:24

Health: 0/55       AC:  5    Str: 24    XL:     6   Next: 1%
Magic:  5/5        EV: 12    Int:  4    God:    Trog [**....]
Gold:   132        SH:  0    Dex:  9    Spells: 5/5 levels left

rFire   . . .      SeeInvis .   a - +0 hand axe
rCold   . . .      Faith    .   (no shield)
rNeg    . . .      Spirit   .   o - +0 leather armour
rPois   .          Reflect  .   (helmet restricted)
rElec   .          Harm     .   h - +0 cloak
rCorr   .          Rampage  .   b - +0 pair of gloves
Will    .....                   (no boots)
Stlth   +.........              (no amulet)
HPRegen 0.18/turn               (no ring)
MPRegen 0.09/turn               (no ring)

@: lethally poisoned (0 -> -12), on berserk cooldown, slowed, very slow
A: horns 2, retaliatory headbutt
a: Renounce Religion, Berserk, Trog's Hand


You were on level 4 of the Dungeon.
You worshipped Trog.
Trog was pleased with you.
You visited 1 branch of the dungeon, and saw 5 of its levels.

You collected 132 gold pieces.

Inventory:

Hand Weapons
 a - a +0 hand axe (weapon)
Missiles
 g - a throwing net (quivered)
Armour
 b - a +0 pair of gloves (worn)
 h - a +0 cloak (worn)
 o - a +0 leather armour (worn)
Wands
 r - a wand of polymorph (4)
Scrolls
 d - 4 scrolls of identify {unknown}
 e - a scroll of noise {unknown}
 f - a scroll of enchant armour {unknown}
 j - 2 scrolls of magic mapping {unknown}
 k - a scroll of enchant weapon {unknown}
 l - a scroll of poison {unknown}
 m - a scroll of teleportation {unknown}
 p - 2 scrolls of vulnerability {unknown}
 q - 2 scrolls of blinking {unknown}
Potions
 c - 4 potions of heal wounds {unknown}
 i - a potion of curing {unknown}
 n - a potion of invisibility {unknown}


   Skills:
 + Level 4.8 Fighting
 * Level 5.8 Axes
 + Level 4.0 Armour
 + Level 3.6 Dodging


You had 5 spell levels left.
You didn't know any spells.
Your spell library was empty.

Dungeon Overview and Level Annotations

Branches:
Dungeon (5/15)
 Temple: D:4-7

Altars:
Cheibriados

Portals:
Ossuary: D:4


Innate Abilities, Weirdness & Mutations

You have a pair of horns on your head.
You reflexively headbutt those who attack you in melee.


Message History

You feel yourself slow down.
You start resting.
An orc comes into view. It is wielding a +0 short sword.
An orc is nearby!
An orc is nearby!
Found a curved wooden wand.
Found a dented brass amulet.
There is a stone staircase leading up here.
The orc hits you but does no damage. The orc hits you with a +0 short sword.
You climb upwards.
You hear the hiss of flowing sand.
There is an entrance to an ossuary on this level.
Hurry and find it before the portal is buried!
The water moccasin hisses angrily.
Found a scroll labelled IMOBIX JOXKESU and 16 gold pieces.
Found a sand-covered staircase.
There is a stone staircase leading down here.
You barely miss the orc. You closely miss the water moccasin.
The water moccasin bites you but does no damage.
The orc hits you but does no damage. The water moccasin bites you.
You are poisoned.
The water moccasin poisons you!
You closely miss the orc. Your headbutt misses the orc.
You barely miss the water moccasin.
You feel very sick. The orc hits you but does no damage.
The water moccasin bites you.
* * * LOW HITPOINT WARNING * * *
The orc barely misses you. You furiously retaliate!
You headbutt the orc, but do no damage. The water moccasin bites you.
* * * LOW HITPOINT WARNING * * *
You are lethally poisoned!
The water moccasin poisons you!
You barely miss the water moccasin. You barely miss the orc.
* * * LOW HITPOINT WARNING * * *
You feel very sick. The water moccasin closely misses you.
The orc barely misses you. The water moccasin closely misses you.
You furiously retaliate!
You headbutt the water moccasin. You hit the orc but do no damage.
You hit the quokka. You barely miss the water moccasin.
You die...

##+######
##...#...#####
##.$......?...
#...........##
.............#.
......S^o..∩...
.......@r#
#............#
##.....#.......
##...# ##.##.#
##+# ... # ##.
.


You could see a water moccasin, an orc and a quokka.

Vanquished Creatures
  A phantom (D:5)
  A howler monkey (D:5)
  A hound (D:5)
  A jelly (D:5)
  An orc priest (D:3)
  An adder (D:3)
  2 dart slugs (D:2)
  6 orcs
  An endoplasm (D:1)
  3 giant cockroaches
  8 goblins
  5 hobgoblins
  3 kobolds
  2 quokkas
  5 ball pythons
  4 bats
  A frilled lizard (D:2)
  6 rats
52 creatures vanquished.

Notes
Turn   | Place    | Note
-------+----------+-------------------------------------------
     0 | D:1      | Nedwor the Minotaur Berserker began the quest for the Orb.
     0 | D:1      | Reached XP level 1. HP: 19/19 MP: 0/0
   432 | D:1      | Reached XP level 2. HP: 10/27 MP: 1/1
   693 | D:1      | Reached skill level 4 in Axes
  1274 | D:2      | Reached XP level 3. HP: 21/33 MP: 2/2
  1371 | D:2      | Found a snail-covered altar of Cheibriados.
  1858 | D:3      | Reached ** piety under Trog
  2171 | D:3      | Reached XP level 4. HP: 28/40 MP: 3/3
  2334 | D:3      | You fall into a shaft and drop 2 floors!
  2334 | D:5      | Entered Level 5 of the Dungeon
  2421 | D:5      | Reached skill level 5 in Axes
  2421 | D:5      | Reached XP level 5. HP: 47/47 MP: 4/4
  2429 | D:5      | Noticed a phantom
  2453 | D:5      | Killed a phantom
  2454 | D:5      | Reached XP level 6. HP: 25/55 MP: 5/5
  2472 | D:4      | Noticed a water moccasin
  2472 | D:4      | Found a sand-covered staircase.
  2476 | D:4      | Succumbed to a water moccasin's poison

Illustrated notes

Levels and vault maps discovered:
D:1:      minmay_arrival_semitransparent, layout_basic, minmay_quantized
D:2:      layout_basic, basic_altar
D:3:      layout_loops_corners, dreamdust_ecumenical_altar_angels_and_demons,
          grunt_decor_arrowhead
D:4:      layout_loops_corners, mainiacjoe_overflow_catwalk_spiral,
          nicolae_ossuary_entry_ruins, uniq_robin
D:5:      layout_loops_cross, temple_statues

Skill      XL: |  1  2  3  4  5 |
---------------+----------------+-----
Axes           | 4 5 |  5.8
Fighting       | 4 |  4.8
Armour         | 3 4 |  4.0
Dodging        | 3 |  3.6

Action                   |  1- 3 |  4- 6 || total
-------------------------+-------+-------++-------
Melee: Hand axe          |   108 |    33 ||   141
       Headbutt          |    14 |     8 ||    22
Invok: Berserk           |     1 |     1 ||     2
Armor: Animal skin       |    21 |       ||    21
       Leather armour    |     7 |     9 ||    16
Dodge: Dodged            |    54 |    21 ||    75

Table legend: (Time is in decaauts)
 A = Elapsed time spent in this place.
 B = Non-inter-level travel time spent in this place.
 C = Inter-level travel time spent in this place.
 D = Time resting spent in this place.
 E = Time spent auto-exploring this place.
 F = Levels seen in this place.
 G = Mean time per level.
                   A        B        C        D        E       F      G
               +--------+--------+--------+--------+--------+-----+--------+
         Total |   2497 |   2346 |    151 |    108 |   1886 |   5 |  499.4 |
       Dungeon |   2497 |   2346 |    151 |    108 |   1886 |   5 |  499.4 |
               +--------+--------+--------+--------+--------+-----+--------+

Top non-repeatable levels by time:
     D:1: 1059 daAuts
     D:2: 795 daAuts
     D:3: 493 daAuts
     D:5: 143 daAuts
     D:4: 5 daAuts
